 Dungeon Crawl Stone Soup version 0.31.0-9-g3a7656b989 (webtiles) character file.

Game seed: 9681861717800115259

21 jagang the Trooper (level 2, 0/24 HPs)
             Began as a Human Monk on Jan 24, 2024.
             Killed from afar by a dart slug (4 damage)
             ... with a slug dart
             ... on level 1 of the Dungeon.
             The game lasted 00:00:47 (364 turns).

jagang the Trooper (Human Monk)                      Turns: 364, Time: 00:00:48

Health: 0/24       AC:  2    Str: 11    XL:     2   Next: 87%
Magic:  2/2        EV: 13    Int: 10    God:
Gold:   0          SH:  0    Dex: 15    Spells: 1/1 levels left

rFire   . . .        a - +0 falchion
rCold   . . .        d - orb {light}
rNeg    . . .        b - +0 robe
rPois   .            (no helmet)
rElec   .            (no cloak)
rCorr   .            (no gloves)
SInv    .            (no boots)
Will    .....        (no amulet)
Stlth   +            (no ring)
HPRegen 0.24/turn    (no ring)
MPRegen 0.08/turn

%: no passive effects
@: glowing
A: explore regen
a: no special abilities


You were on level 1 of the Dungeon.
You visited 1 branch of the dungeon, and saw 1 of its levels.

Inventory:

Hand Weapons
 a - a +0 falchion (weapon)
Armour
 b - a +0 robe (worn)
 d - an orb of light (worn)
 i - a +0 cloak
Scrolls
 e - a scroll of poison {unknown}
 f - a scroll of vulnerability {unknown}
 h - a scroll of teleportation {unknown}
Potions
 c - a potion of ambrosia
 g - 2 potions of enlightenment {unknown}


   Skills:
 * Level 3.3 Fighting
 * Level 3.3 Long Blades
 * Level 1.1 Armour
 - Level 3.0 Dodging


You had one spell level left.
You didn't know any spells.
Your spell library contained the following spells:

 Spells                   Type           Power      Damage    Failure   Level
 Tukima's Dance           Hex            0%         N/A       75%         3
 Dimensional Bullseye     Hex/Tloc       0%         N/A       98%         4
 Iskenderun's Mystic Bla  Conj/Tloc      0%         2d3       98%         4


Dungeon Overview and Level Annotations

Branches:
Dungeon (1/15)

Altars:


Innate Abilities, Weirdness & Mutations

You regain HP and MP as you explore.


Message History

The dart slug is moderately wounded.
The hobgoblin hits you but does no damage.
The frilled lizard misses you. The dart slug launches a dart at you.
The slug dart hits you.
* * * LOW HITPOINT WARNING * * *
Found a leather armour.
The hobgoblin attacks as it pursues you!
The hobgoblin barely misses you.
The hobgoblin attacks as it pursues you!
The hobgoblin hits you.
* * * LOW HITPOINT WARNING * * *
The hobgoblin attacks as it pursues you!
The hobgoblin hits you.
* * * LOW HITPOINT WARNING * * *
You hit the hobgoblin but do no damage. The hobgoblin hits you.
* * * LOW HITPOINT WARNING * * *
The hobgoblin completely misses you.
You hit the hobgoblin but do no damage. The hobgoblin barely misses you.
You hit the hobgoblin.
You kill the hobgoblin!
The bat barely misses you.
You barely miss the frilled lizard. The bat barely misses you.
The frilled lizard unfolds its giant frill.
The frilled lizard barely misses you.
You closely miss the frilled lizard. The bat closely misses you.
The frilled lizard completely misses you.
You hit the frilled lizard.
You kill the frilled lizard!
The bat completely misses you.
You hit the bat.
The bat is heavily wounded.
The bat misses you. The bat hits you but does no damage.
You hit the bat.
You kill the bat!
The dart slug launches a dart at you. The slug dart misses you.
The dart slug launches a dart at you. The slug dart hits you.
You die... ##>... ##.#.# PPPPPP ##....# PPPPPP ) ###.....## PPP... #.# ........# P..PPP ##.#.##.....# .PPP.. ...........# .PP.PP ##...##.#.### PP.PP. .........w@.### P.PP.P #.#.#..###........
P.P.PP ##.# #..###[..
P.PP.P ##.###..# ..
P.PP. #.#...##..###... .PP

#...............
P..
.?......##...##...
PP ..#####.###†..#
.. . ...# #...#


PPP PP You could see a dart slug.

Vanquished Creatures
  3 bats (D:1)
  An endoplasm (D:1)
  3 hobgoblins (D:1)
  4 jackals (D:1)
  2 kobolds (D:1)
  2 quokkas (D:1)
  2 ball pythons (D:1)
  A frilled lizard (D:1)
18 creatures vanquished.

Notes
Turn   | Place    | Note
-------+----------+-------------------------------------------
     0 | D:1      | jagang the Human Monk began the quest for the Orb.
     0 | D:1      | Reached XP level 1. HP: 18/18 MP: 1/1
   192 | D:1      | Reached XP level 2. HP: 19/24 MP: 2/2
   293 | D:1      | Reached skill level 1 in Armour
   364 | D:1      | Killed from afar by a dart slug

Illustrated notes

Levels and vault maps discovered:
D:1:      roderic_crop_circles_arrival_small, layout_loops_ring,
          roderic_roman_lattice

Skill      XL: |  1  2 |
---------------+-------+-----
Armour         | 1 |  1.1
Fighting       | |  3.3
Long Blades    | |  3.3
Dodging        | |  3.0

Action                     || total
---------------------------++-------
  Melee: Falchion          ||    47
 Armour: Robe              ||    26
  Dodge: Dodged            ||    44
